 Dungeon Crawl Stone Soup version 0.23.1-37-gaa34b87 (webtiles) character file.

Game seed: 7048674505560179303

785 Kairos the Ruffian (level 7, -9/57 (59) HPs)
             Began as a Ghoul Fighter on Mar 27, 2019.
             Killed from afar by an orc wizard (11 damage)
             ... with a magic dart
             ... on level 4 of the Dungeon.
             The game lasted 00:07:14 (3632 turns).

Kairos the Ruffian (Ghoul Fighter)                  Turns: 3632, Time: 00:07:15

HP:   -9/57 (59)    AC: 13    Str: 22    XL:     7   Next: 86%
MP:   15/15         EV:  9    Int:  3    God:
Gold: 162           SH:  9    Dex:  8    Spells: 6/6 levels left

rFire    . . .     SeeInvis .     - Unarmed
rCold    + . .     Gourm    .   b - +0 shield
rNeg     + + +     Faith    .   x - +4 ring mail
rPois    ∞         Spirit   .   k - +2 helmet
rElec    .         Reflect  .   (no cloak)
rCorr    .         Harm     .   (no gloves)
MR       +....                  (no boots)
Stlth    +.........             (no amulet)
HPRegen  0.00/turn              l - ring of magical power
MPRegen  0.14/turn              z - ring of protection from magic

@: rotting
A: rotting body, claws 1, carnivore, cold resistance 1, negative energy
resistance 3, inhibited regeneration, torment resistance, unbreathing
a: no special abilities


You were on level 4 of the Dungeon.
You were not hungry.

You visited 1 branch of the dungeon, and saw 4 of its levels.

You collected 162 gold pieces.

Inventory:

Hand Weapons
 v - a +0 blowgun
Missiles
 s - 8 needles of confusion
 w - 12 poisoned needles
Armour
 a - a +1 scale mail
 b - a +0 shield (worn)
 h - a +0 helmet
 k - a +2 helmet (worn)
 x - a +4 ring mail (worn)
Jewellery
 l - a ring of magical power (left claw)
 z - a ring of protection from magic (right claw)
Scrolls
 j - 2 scrolls of noise
 m - 2 scrolls of remove curse
 o - a scroll of enchant armour
 p - a scroll of blinking {unknown}
 r - 2 scrolls of immolation {unknown}
 u - a scroll of amnesia {unknown}
 y - a scroll of identify
Potions
 c - a potion of might
 e - 2 potions of resistance
 f - a potion of agility {unknown}
 g - a potion of flight {unknown}
 i - a potion of haste {unknown}
 n - a potion of berserk rage {unknown}
 q - a potion of degeneration {unknown}
 t - a potion of heal wounds {unknown}
Comestibles
 d - 7 rations


   Skills:
 + Level 4.2 Fighting
 + Level 4.9 Armour
 + Level 2.0 Dodging
 + Level 0.9 Stealth
 + Level 4.1 Shields
 + Level 5.9 Unarmed Combat


You had 6 spell levels left.
You didn't know any spells.
Your spell library was empty.

Dungeon Overview and Level Annotations

Branches:
Dungeon (4/15)
 Temple: D:4-7

Altars:
Zin


Innate Abilities, Weirdness & Mutations

Your body is rotting away.
You thrive on raw meat.
You are immune to poison.
You have sharp fingernails.
You are carnivorous and can eat meat at any time.
Your flesh is cold resistant. (rC+)
You are immune to negative energy. (rN+++)
You do not regenerate when monsters are visible.
You are immune to unholy pain and torment.
You can survive without breathing.


Message History

You block the orc wizard's attack.
The orc wizard casts a spell.
The orc wizard blinks!
You block the orc's attack.
You scratch the orc but do no damage.
The orc is almost dead.
The orc wizard mumbles some strange words.
The orc wizard blinks!
You claw the orc!
You kill the orc!
You see here a jackal corpse.
The orc wizard mumbles some strange words.
The orc wizard blinks!
The orc wizard casts a spell at you.
The magic dart hits you but does no damage.
You barely miss the orc wizard.
The orc wizard is severely wounded.
You block the orc wizard's attack. The orc wizard casts a spell at you.
The magic dart hits you!
You die...

###...#.#.#.## #
#.....#.#.#.##.####
#.##..#†#..........
#.##.........#.####
#.###.#.###..#
#............#
############..####.#
#...#.....)).># .#
#?.#...#..o@†###.#
.# #?.#._.'.....#
#.# .#
#..#...#.....# #o#
#...#########.# ####
#......o#
#.####.h......
...#..... #o........
#..##.##.#


You could see an orc wizard.

Vanquished Creatures
  Grinder (D:4)
  A hippogriff (D:4)
  A scorpion (D:4)
  A howler monkey (D:4)
  An orc priest (D:4)
  An orc wizard (D:3)
  A bullfrog skeleton (D:4)
  Terence (D:2)
  Robin (D:2)
  6 adders
  6 worms
  A dart slug (D:1)
  4 leopard geckos
  6 orcs
  4 bats
  3 giant cockroaches
  14 goblins
  6 hobgoblins
  12 jackals
  2 quokkas
  2 frilled lizards
  10 kobolds
  10 rats
95 creatures vanquished.

Notes
Turn   | Place    | Note
-------+----------+-------------------------------------------
     0 | D:1      | Kairos the Ghoul Fighter began the quest for the Orb.
     0 | D:1      | Reached XP level 1. HP: 19/19 MP: 0/0
   105 | D:1      | Reached XP level 2. HP: 19/26 MP: 1/1
   441 | D:1      | Reached XP level 3. HP: 32/33 MP: 2/2
   708 | D:2      | Noticed Terence
   732 | D:2      | Killed Terence
   732 | D:2      | Reached XP level 4. HP: 36/39 MP: 3/3
   779 | D:2      | Reached skill level 3 in Unarmed Combat
   871 | D:2      | Noticed Robin
  1567 | D:2      | Killed Robin
  1567 | D:2      | Reached skill level 1 in Dodging
  1618 | D:2      | Reached XP level 5. HP: 43/45 MP: 4/4
  2730 | D:4      | Noticed a hippogriff
  2744 | D:4      | Killed a hippogriff
  2744 | D:4      | Reached skill level 4 in Unarmed Combat
  2744 | D:4      | Reached XP level 6. HP: 24/52 MP: 5/5
  2761 | D:4      | Reached skill level 5 in Unarmed Combat
  2761 | D:4      | Reached XP level 7. HP: 25/59 MP: 6/6
  2767 | D:4      | Noticed Grinder
  3156 | D:4      | Paralysed by Grinder for 6 turns
  3463 | D:4      | Killed Grinder
  3570 | D:4      | Found a glowing silver altar of Zin.
  3607 | D:4      | HP: 2/57 [orc priest/divine providence (12)]
  3632 | D:4      | Killed from afar by an orc wizard

Skill      XL: |  1  2  3  4  5  6  7 |
---------------+----------------------+-----
Armour         | 3 4 |  4.9
Shields        | 3 4 |  4.1
Unarmed Combat | 3 4 5 |  5.9
Dodging        | 1 2 |  2.0
Fighting       | 4 |  4.2
Stealth        | |  0.9

Action                   |  1- 3 |  4- 6 |  7- 9 || total
-------------------------+-------+-------+-------++-------
Melee: Unarmed           |    82 |   216 |    71 ||   369
  Use: Scroll            |     5 |       |       ||     5
       Potion            |       |     1 |       ||     1
  Eat: Chunk             |       |     9 |       ||     9
Armor: Scale mail        |    33 |   139 |       ||   172
       Ring mail         |       |       |    22 ||    22
Dodge: Dodged            |    20 |    83 |    18 ||   121
Block: Shield            |    37 |   142 |    19 ||   198
